Map: Thunderbird LE

Players

Kelazhur

  • Race: Terran Terran
  • Spawn Location: 5:00

SpeCial - Winner!

  • Race: Terran Terran
  • Spawn Location: 11:00

VOD

Have the link to the VOD?

Description

Time

  • Played on: Sept. 6, 2019, 8:05 p.m.
  • Length: 10:59
Show
View Real Time Build Order
Export as new Build Order

Kelazhur Terran 

Build Orders: Gas First Reaper Expand 

Get SALT Encoding   

  12  0:00  SCV  
  13  0:12  SCV  
  14  0:16  Supply Depot  
  14  0:25  SCV  
  14  0:28  Refinery  
  15  0:38  SCV  
  16  0:44  Barracks  
  16  0:50  SCV  
  17  1:02  SCV  
  18  1:14  SCV  
  19  1:30  Orbital Command, Reaper  
  20  1:49  Command Center  
  20  1:56  SCV  
  21  2:03  Factory  
  21  2:07  Barracks Reactor  
  21  2:09  SCV  
  21  2:15  Supply Depot  
  22  2:22  SCV  
  23  2:37  SCV  
  24  2:43  Refinery  
  24  2:47  Marine x2, Starport  
  26  2:53  SCV  
  26  2:55  Factory Tech Lab  
  27  3:05  Orbital Command  
  27  3:07  Marine x2  
  27  3:08  SCV  
  30  3:22  SCV  
  30  3:25  Marine, Factory Tech Lab  
  32  3:28  Marine, Refinery  
  32  3:32  SCV  
  34  3:34  SCV  
  34  3:41  Supply Depot  
  35  3:42  Raven  
  35  3:43  Marine  
  35  3:44  SCV  
  35  3:46  Marine, SCV  
  41  3:56  SCV  
  41  3:58  SCV  
  45  4:02  Siege Tank  
  45  4:05  Marine  
  45  4:09  SCV  
  45  4:11  Marine  
  45  4:13  SCV  
  47  4:21  SCV  
  47  4:24  Supply Depot  
  48  4:25  SCV  
  49  4:33  SCV  
  49  4:35  Siege Tank, Barracks  
  49  4:36  Marine, Barracks, Stimpack  
  54  4:43  Supply Depot  
  54  4:45  SCV x2  
  56  4:48  Starport Reactor  
  56  4:57  SCV x2  
  56  4:59  Supply Depot  
  58  5:02  Marine  
  58  5:06  Supply Depot  
  59  5:11  SCV x2  
  60  5:15  Siege Tank  
  60  5:19  Engineering Bay  
  60  5:21  Refinery  
  63  5:23  SCV x2  
  63  5:24  Marine x2  
  67  5:30  Marine, Starport Reactor, Supply Depot  
  67  5:31  Marine x2  
  67  5:35  SCV x2  
  72  5:38  Supply Depot  
  72  5:44  Marine x2  
  72  5:46  Terran Infantry Weapons Level 1  
  72  5:48  Marine  
  75  5:50  Marine x2, Siege Tank  
  75  5:51  SCV  
  75  5:53  SCV  
  82  6:04  Supply Depot  
  82  6:05  Marine x2  
  82  6:06  Medivac  
  82  6:07  Marine, Medivac  
  82  6:08  Marine x2  
  91  6:20  Supply Depot  
  91  6:22  Siege Tank, Combat Shield  
  91  6:23  Marine x2  
  91  6:25  Marine  
  97  6:31  Supply Depot  
  97  6:36  Medivac  
  97  6:37  Medivac  
  101  6:52  Marine x2  
  101  6:53  Marine x2  
  105  6:57  SCV  
  105  6:58  Marine, SCV  
  105  7:01  Armory, Engineering Bay  
  108  7:04  Supply Depot  
  108  7:06  Command Center  
  108  7:10  Marine  
  108  7:11  SCV  
  108  7:12  Marine x3  
  113  7:17  Siege Tank  
  110  7:31  Marine  
  110  7:33  Medivac x2  
  110  7:34  Marine  
  110  7:35  Terran Infantry Armor Level 1  
  115  7:38  Barracks  
  115  7:40  Barracks  
  111  7:50  Marine  
  100  7:57  Terran Infantry Weapons Level 2  
  98  7:58  Siege Tank  
  98  8:01  Marine  
  98  8:03  Marine x2  
  98  8:04  Marine  
  106  8:05  SCV x2  
  106  8:08  Terran Vehicle Weapons Level 1  
  106  8:10  Medivac  
  108  8:15  Medivac  
  108  8:19  SCV x2, Orbital Command  
  112  8:20  Marine x2  
  112  8:21  Refinery  
  114  8:28  Marine  
  114  8:29  Marine x2  
  114  8:30  Barracks Reactor x2  
  118  8:34  SCV x2  
  118  8:38  Marine  
  119  8:42  Marine  
  119  8:44  Siege Tank  
  119  8:46  Marine x2, SCV  
  114  8:58  Marine x2  
  114  8:59  Marine  
  115  9:04  Marine x2  
  115  9:08  Marine x3  
  115  9:09  Marine  
  119  9:11  SCV x2  
  119  9:14  SCV  
  119  9:16  Marine x2  
  120  9:17  Marine  
  120  9:22  Marine x2  
  120  9:23  SCV x2  
  119  9:26  Marine x4, SCV  
  124  9:34  Marine x2  
  124  9:35  Marine, SCV x2  
  129  9:38  SCV  
  129  9:39  Marine  
  129  9:40  Marine  
  129  9:44  Marine x4  
  136  9:47  Supply Depot  
  136  9:50  SCV x2  
  136  9:51  Marine  
  133  10:02  SCV x2  
  133  10:06  Siege Tank  
  138  10:09  SCV  
  138  10:12  Command Center  
  140  10:14  SCV  
  140  10:16  Marine x4, Medivac x2  
  148  10:26  Marine  
  148  10:27  Marine x4  
  153  10:30  SCV  
  153  10:31  SCV x2  
  153  10:32  Factory  
  153  10:34  Marine  
  157  10:44  SCV  
Show
View Real Time Build Order
Export as new Build Order

SpeCial Terran - Winner!

Build Orders: Reaper Expand 

Get SALT Encoding   

  12  0:01  SCV  
  13  0:13  SCV  
  14  0:17  Supply Depot  
  14  0:25  SCV  
  15  0:39  Barracks, SCV  
  16  0:43  Refinery  
  16  0:51  SCV  
  17  1:03  SCV  
  18  1:15  SCV  
  19  1:27  Orbital Command, Reaper  
  20  1:41  Command Center  
  20  1:53  SCV  
  21  1:57  Supply Depot  
  21  1:58  Marine  
  22  2:05  SCV  
  23  2:10  Factory  
  23  2:19  SCV  
  23  2:21  Barracks Reactor  
  24  2:31  SCV  
  24  2:35  Refinery  
  25  2:43  SCV  
  25  2:53  Hellion  
  25  2:55  SCV, Orbital Command  
  25  2:57  Marine x2  
  30  3:01  Starport  
  30  3:07  SCV  
  31  3:14  Marine  
  31  3:15  Marine  
  31  3:17  Factory Tech Lab  
  31  3:19  SCV  
  34  3:22  SCV  
  35  3:31  SCV  
  35  3:32  Marine  
  35  3:33  Marine  
  39  3:34  SCV  
  39  3:44  SCV, Supply Depot  
  39  3:46  Factory Tech Lab, SCV, Raven  
  43  3:49  Refinery  
  43  3:50  Marine  
  43  3:51  Marine  
  45  3:56  SCV  
  46  4:05  SCV  
  46  4:08  SCV  
  47  4:17  SCV  
  47  4:18  Siege Tank  
  47  4:20  SCV  
  47  4:23  Command Center  
  53  4:29  SCV, Supply Depot  
  52  4:32  SCV  
  52  4:38  Barracks  
  53  4:39  Barracks  
  53  4:41  SCV  
  53  4:43  Marine  
  53  4:44  SCV  
  54  4:46  Stimpack  
  54  4:51  Siege Tank  
  57  4:53  SCV, Starport Reactor  
  57  4:56  SCV  
  59  5:01  Marine  
  59  5:05  SCV  
  59  5:06  Engineering Bay  
  61  5:08  SCV, Engineering Bay  
  62  5:18  Refinery  
  62  5:25  Marine x3, SCV x2, Supply Depot  
  62  5:27  Siege Tank  
  70  5:35  Starport Reactor  
  70  5:37  SCV, Terran Infantry Weapons Level 1  
  70  5:38  Terran Infantry Armor Level 1  
  70  5:39  Marine x2  
  70  5:41  SCV  
  74  5:45  Orbital Command  
  74  5:47  Marine  
  74  5:49  Marine x2  
  77  5:55  SCV x2  
  79  5:57  Marine x2  
  79  6:00  Supply Depot  
  81  6:05  Marine  
  81  6:07  Siege Tank, SCV x2  
  87  6:15  SCV, Medivac  
  87  6:16  Medivac  
  87  6:18  Marine  
  93  6:21  Marine, SCV x2  
  93  6:22  Supply Depot  
  93  6:24  Supply Depot  
  96  6:27  SCV  
  96  6:29  Combat Shield  
  96  6:32  Marine x2  
  99  6:33  SCV x2  
  101  6:42  Missile Turret  
  101  6:43  Marine x2  
  101  6:44  SCV  
  101  6:46  SCV  
  105  6:48  Supply Depot  
  105  6:49  Marine x2  
  105  6:50  Marine  
  105  6:53  Siege Tank  
  111  6:55  Barracks  
  111  6:56  Barracks  
  111  6:58  SCV x2  
  111  7:01  Marine, Medivac  
  115  7:06  Medivac  
  117  7:10  SCV x2  
  117  7:12  Supply Depot  
  117  7:14  Supply Depot  
  119  7:18  Marine x3  
  119  7:20  Marine  
  119  7:21  Marine  
  119  7:22  SCV  
  122  7:30  Siege Tank  
  122  7:34  Viking  
  122  7:35  Marine  
  128  7:43  Marine  
  127  7:47  SCV  
  127  7:49  Marine  
  108  7:56  SCV x2  
  108  7:57  Marine  
  88  7:59  SCV  
  88  8:01  Marine x2  
  88  8:05  Marine  
  89  8:06  Marine  
  89  8:08  SCV, Barracks Reactor  
  89  8:09  SCV  
  89  8:11  SCV  
  92  8:15  Marine, Siege Tank, Armory  
  92  8:19  Marine  
  97  8:21  Marine, SCV x2  
  97  8:23  Marine, SCV  
  97  8:24  Marine  
  103  8:27  Refinery  
  103  8:29  Refinery  
  103  8:33  Marine, SCV x2  
  106  8:35  SCV  
  106  8:37  Marine  
  106  8:38  Liberator  
  106  8:39  Liberator  
  106  8:40  Marine x2  
  106  8:41  Marine  
  110  8:42  Marine  
  110  8:44  Marine x2  
  110  8:45  SCV  
  114  8:50  Marine  
  114  8:54  Marine, SCV  
  111  8:58  Marine x2  
  111  9:00  Marine, Barracks Reactor  
  111  9:02  Marine x2, SCV x2  
  116  9:06  SCV  
  116  9:08  Marine  
  118  9:12  Marine  
  118  9:13  Siege Tank  
  118  9:14  SCV  
  118  9:15  SCV  
  118  9:16  Marine x2  
  126  9:18  Marine, SCV  
  126  9:20  Marine x2  
  130  9:26  Marine  
  130  9:27  Supply Depot  
  130  9:30  Marine  
  132  9:33  Marine  
  132  9:34  Marine  
  132  9:37  Marine x2  
  133  9:39  Marine x2  
  133  9:41  Marine  
  133  9:44  Marine  
  133  9:45  Siege Tank, SCV x2  
  131  9:47  Medivac  
  131  9:48  Marine, Medivac  
  131  9:51  Marine  
  131  9:52  Marine  
  138  9:55  Marine x2  
  138  9:57  Marine x2, SCV x2  
  138  9:59  Marine  
  139  10:00  Missile Turret  
  139  10:02  Marine  
  139  10:06  Marine  
  141  10:13  Supply Depot  
  141  10:14  Marine x4  
  141  10:15  Marine x2  
  141  10:16  Refinery  
  141  10:17  Marine, Sensor Tower  
  141  10:19  Marine  
  149  10:26  Supply Depot  
  149  10:28  Supply Depot  
  149  10:34  Marine x3, SCV  
  149  10:35  Marine x3  
  155  10:40  Marine  
  155  10:41  Marine  
  124  10:51  Supply Depot  
Tags
 
Add a new tag
Caveats
  • Supply blocks, unpowered buildings, or Contaminate may cause inaccurate times.
  • Supply counts are checked every 10 seconds.